 Dungeon Crawl Stone Soup version 0.26.1-11-gd32895ea62 (webtiles) character file.

Game seed: 6903462472321046940

51 Elvor the Grasshopper (level 3, -5/31 HPs)
             Began as a Gnoll Warper on July 1, 2021.
             Killed from afar by Natasha (9 damage)
             ... with a magic dart
             ... on level 2 of the Dungeon.
             The game lasted 00:09:39 (1274 turns).

Elvor the Grasshopper (Gnoll Warper)                Turns: 1274, Time: 00:09:40

Health: -5/31      AC:  3    Str: 14    XL:     3   Next: 83%
Magic:  8/9        EV: 14    Int: 15    God:
Gold:   87         SH:  0    Dex: 14    Spells: 10/12 levels left

rFire    . . .     SeeInvis .   a - +0 mace
rCold    . . .     Faith    .   (no shield)
rNeg     . . .     Spirit   .   b - +0 leather armour
rPois    .         Reflect  .   (no helmet)
rElec    .         Harm     .   (no cloak)
rCorr    .         Rampage  .   (no gloves)
Will     .....                  (no boots)
Stlth    +.........             l - amulet of magic regeneration
HPRegen  0.10/turn              (no ring)
MPRegen  0.36/turn              (no ring)

@: no status effects
A: distributed training, fangs 1, strong nose
a: no special abilities


You were on level 2 of the Dungeon.
You visited 1 branch of the dungeon, and saw 2 of its levels.

You collected 87 gold pieces.

Inventory:

Hand Weapons
 a - a +0 mace (weapon)
 k - a +0 hunting sling
Missiles
 c - 15 sling bullets
 e - 5 boomerangs of dispersal
 h - 80 stones (quivered)
 m - 14 poisoned darts
Armour
 b - a +0 leather armour (worn)
Jewellery
 l - an amulet of magic regeneration (around neck)
Scrolls
 d - a scroll of blinking
 j - a scroll of teleportation {unknown}
 n - a scroll of fear {unknown}
Potions
 f - a potion of might {unknown}
 g - a potion of ambrosia {unknown}
 i - a potion of curing {unknown}


   Skills:
 + Level 4.6 Fighting
 + Level 1.0 Short Blades
 + Level 1.0 Long Blades
 + Level 1.0 Axes
 + Level 4.6 Maces & Flails
 + Level 1.0 Polearms
 + Level 1.0 Staves
 + Level 1.0 Slings
 + Level 1.0 Bows
 + Level 1.0 Crossbows
 + Level 2.6 Throwing
 + Level 2.6 Armour
 + Level 4.6 Dodging
 + Level 1.0 Stealth
 + Level 1.0 Shields
 + Level 1.0 Unarmed Combat
 + Level 5.0 Spellcasting
 + Level 0.7 Conjurations
 + Level 0.7 Hexes
 + Level 0.7 Summonings
 + Level 0.7 Necromancy
 + Level 5.4 Translocations
 + Level 0.7 Transmutations
 + Level 0.7 Fire Magic
 + Level 0.7 Ice Magic
 + Level 0.7 Air Magic
 + Level 0.7 Earth Magic
 + Level 0.7 Poison Magic
 + Level 1.0 Invocations
 + Level 1.0 Evocations


You had 10 spell levels left.
You knew the following spells:

 Your Spells              Type           Power        Failure   Level
a - Blink                 Tloc           N/A          3%          2

Your spell library contained the following spells:

 Spells                   Type           Power        Failure   Level
 Gell's Gravitas          Tloc           10%          6%          3
 Lesser Beckoning         Tloc           10%          6%          3
 Teleport Other           Tloc           20%          6%          3
 Passage of Golubria      Tloc           N/A          22%         4


Dungeon Overview and Level Annotations

Branches:
Dungeon (2/15)

Altars:
Ashenzari
Xom

Annotations:
D:2 Natasha


Innate Abilities, Weirdness & Mutations

Your experience applies equally to all skills.
You have very sharp teeth.
Your uncanny sense of smell can sniff out nearby items.


Message History

Natasha stares at you and mumbles some strange words.
You resist with significant effort.
Casting: Blink (safe; 3% risk of failure)
Confirm with . or Enter, or press ? or * to list all spells.
You blink.
Natasha casts a spell at you. The magic dart hits you.
Natasha casts a spell at you. You resist with significant effort.
Natasha stares at you and mumbles some strange words.
The magic dart hits you!
* * * LOW HITPOINT WARNING * * *
You feel yourself speed up.
Casting: Blink (safe; 3% risk of failure)
Confirm with . or Enter, or press ? or * to list all spells.
You blink.
There is an open door here.
Natasha casts a spell at you. The magic dart hits you!
You die...

##############.#.##.## #.
#.... #...#.# .. ##.###..#.
#...#.# .... ....#....
#...#.#..######...#..#.
#...#.##.#.. .........
#...#.##.#.# #..#..#.
#####...#.##.#.#####..#..#.
#.........##'#...........#.
#.########@.....#####....#.
#.#......'......# #......
#..h....##).....# #...##.
#...............# #...##.
#...............# #....#.
###...............# #....#.
#.................# #.....†
#......############ ###....
#.......# ####### #....


You could see Natasha.

Vanquished Creatures
  An adder (D:2)
  A gnoll (D:1)
  A leopard gecko (D:2)
  2 ball pythons (D:2)
  2 bats
  A giant cockroach (D:1)
  4 goblins
  7 hobgoblins
  4 kobolds
  3 frilled lizards (D:1)
  4 rats
30 creatures vanquished.

Notes
Turn   | Place    | Note
-------+----------+-------------------------------------------
     0 | D:1      | Elvor the Gnoll Warper began the quest for the Orb.
     0 | D:1      | Reached XP level 1. HP: 20/20 MP: 6/6
   105 | D:1      | Reached XP level 2. HP: 12/26 MP: 7/7
   108 | D:1      | Learned a level 2 spell: Blink
   268 | D:1      | Found a broken altar of Ashenzari.
   538 | D:1      | Reached XP level 3. HP: 30/31 MP: 9/9
   682 | D:2      | Reached skill level 5 in Spellcasting
   920 | D:2      | Reached skill level 1 in Invocations
  1209 | D:2      | Found a shimmering altar of Xom.
  1244 | D:2      | Reached skill level 1 in Short Blades
  1244 | D:2      | Reached skill level 1 in Long Blades
  1244 | D:2      | Reached skill level 1 in Axes
  1244 | D:2      | Reached skill level 1 in Polearms
  1244 | D:2      | Reached skill level 1 in Staves
  1244 | D:2      | Reached skill level 1 in Slings
  1244 | D:2      | Reached skill level 1 in Bows
  1244 | D:2      | Reached skill level 1 in Crossbows
  1244 | D:2      | Reached skill level 1 in Stealth
  1244 | D:2      | Reached skill level 1 in Shields
  1244 | D:2      | Reached skill level 1 in Unarmed Combat
  1244 | D:2      | Reached skill level 1 in Evocations
  1248 | D:2      | Noticed Natasha
  1274 | D:2      | Killed from afar by Natasha

Illustrated notes

Levels and vault maps discovered:
D:1:      onia_arrival_mini_spirals, layout_rooms, minmay_misc_feat_enclosed,
          evilmike_ruin_ashenzari
D:2:      layout_basic, tgw_xom, uniq_natasha

Skill      XL: |  1  2  3 |
---------------+----------+-----
Spellcasting   | 5 |  5.0
Invocations    | 1 |  1.0
Short Blades   | 1 |  1.0
Long Blades    | 1 |  1.0
Axes           | 1 |  1.0
Polearms       | 1 |  1.0
Staves         | 1 |  1.0
Slings         | 1 |  1.0
Bows           | 1 |  1.0
Crossbows      | 1 |  1.0
Stealth        | 1 |  1.0
Shields        | 1 |  1.0
Unarmed Combat | 1 |  1.0
Evocations     | 1 |  1.0
Fighting       | |  4.6
Maces & Flails | |  4.6
Throwing       | |  2.6
Armour         | |  2.6
Dodging        | |  4.6
Conjurations   | |  0.7
Hexes          | |  0.7
Summonings     | |  0.7
Necromancy     | |  0.7
Translocations | |  5.4
Transmutations | |  0.7
Fire Magic     | |  0.7
Ice Magic      | |  0.7
Air Magic      | |  0.7
Earth Magic    | |  0.7
Poison Magic   | |  0.7

Action                   || total
-------------------------++-------
Melee: Mace              ||    74
       Bite              ||     8
 Fire: Hunting sling     ||     7
Throw: Stone             ||    12
 Cast: Blink             ||     6
Armor: Leather armour    ||    19
Dodge: Dodged            ||    60
